Map: Orbital Shipyard (3.0.5 Balance v1.0)

Players

lesha - Winner!

  • Race: Terran Terran
  • League: Silver

Telhar

  • Race: Terran Terran

VOD

Have the link to the VOD?

Description

Time

  • Played on: Dec. 18, 2015, 9:47 a.m.
  • Length: 278:23
Show
View Real Time Build Order
Export as new Build Order

lesha Terran - Winner!

Build Orders: Reaper Expand, MMM Bio 

Get SALT Encoding   

  12  0:02  SCV  
  14  0:14  SCV  
  14  0:21  Supply Depot  
  14  0:26  SCV  
  15  0:43  SCV  
  15  0:45  Barracks  
  16  0:50  Refinery  
  16  0:55  SCV  
  17  1:07  SCV  
  18  1:19  SCV  
  19  1:32  Command Center  
  19  1:38  Reaper  
  20  1:42  Orbital Command  
  20  1:59  Refinery  
  20  2:13  Factory  
  20  2:20  SCV  
  21  2:29  Marine  
  21  2:32  SCV  
  23  2:44  SCV  
  23  2:57  Orbital Command  
  22  2:59  SCV  
  23  3:06  Marine  
  23  3:08  Factory Tech Lab  
  23  3:11  SCV  
  25  3:13  Starport  
  25  3:23  SCV  
  25  3:25  SCV  
  26  3:34  Refinery  
  26  3:35  SCV  
  26  3:37  SCV  
  28  3:43  Barracks  
  28  3:44  Supply Depot  
  28  3:45  Supply Depot, Barracks  
  28  3:47  SCV  
  29  3:57  Siege Tank  
  29  3:59  Starport Reactor  
  29  4:02  Barracks Tech Lab  
  32  4:04  SCV x2  
  34  4:16  SCV x2  
  36  4:22  Marauder  
  38  4:27  Liberator  
  38  4:32  Engineering Bay  
  38  4:33  SCV x2  
  38  4:34  Engineering Bay  
  40  4:41  Barracks Reactor x2  
  40  4:44  Marauder  
  40  4:45  SCV x2  
  47  4:57  SCV x2  
  47  4:59  Stimpack, Refinery  
  49  5:07  Command Center  
  49  5:09  SCV x2  
  49  5:12  Marauder  
  53  5:17  Marine  
  54  5:23  Supply Depot  
  54  5:24  Terran Infantry Weapons Level 1  
  54  5:26  Terran Infantry Armor Level 1, Supply Depot  
  54  5:44  Marine x5  
  54  5:45  Medivac  
  54  5:47  Medivac  
  63  5:53  SCV x2  
  65  6:01  Siege Tank  
  65  6:02  Marine x2  
  70  6:19  SCV x2  
  72  6:28  Marine x4  
  72  6:29  Marine  
  72  6:31  SCV x2  
  76  6:43  SCV x2  
  76  6:46  Marine x3  
  81  6:48  Supply Depot x2  
  81  6:49  Supply Depot  
  81  6:59  Barracks  
  81  7:00  Barracks  
  81  7:01  Barracks  
  81  7:02  Barracks  
  81  7:07  Combat Shields  
  81  7:15  Supply Depot  
  81  7:22  Marine x3  
  82  7:23  Marine  
  82  7:24  Marauder  
  82  7:25  Medivac x2  
  91  7:33  Armory  
  91  7:40  Marine x4  
  95  7:45  Marauder  
  95  7:48  SCV  
  95  7:49  SCV x2  
  100  7:54  Barracks Reactor x2  
  100  7:55  Barracks Reactor x2  
  100  7:58  Marine x4  
  101  8:00  SCV  
  105  8:06  Medivac x2, Marine  
  110  8:15  SCV x2  
  110  8:16  SCV, Marine  
  114  8:21  Terran Infantry Weapons Level 2  
  114  8:22  Terran Infantry Armor Level 2  
  114  8:27  SCV  
  104  8:57  Command Center  
  104  9:06  Marine x6  
  104  9:07  Marine x5  
  104  9:08  Marauder  
  117  9:20  Orbital Command  
  117  9:24  Supply Depot x2  
  117  9:25  Supply Depot x2  
  117  9:26  Supply Depot  
  117  9:45  SCV x2, Medivac x2, Marine x8  
  117  9:46  Marine x4, Marauder  
  137  9:58  SCV x2  
  139  10:03  Marine x4  
  143  10:46  SCV x3  
  143  10:47  Marine x7  
  143  10:48  Marine x5  
Show
View Real Time Build Order
Export as new Build Order

Telhar Terran 

Build Orders:  

Get SALT Encoding   

  12  0:01  SCV  
  13  0:15  Supply Depot  
  13  0:19  SCV  
  14  0:26  Refinery  
  15  0:39  Barracks  
  15  0:42  SCV  
  15  0:54  SCV  
  16  1:11  SCV  
  18  1:32  Reaper  
  18  1:37  Supply Depot  
  18  1:47  Engineering Bay  
  18  1:54  SCV  
  19  2:06  SCV  
  20  2:18  Barracks Reactor  
  20  2:24  Factory  
  20  2:31  SCV, Refinery  
  21  2:43  SCV  
  20  2:55  Marine x2  
  21  3:01  SCV  
  20  3:06  Terran Infantry Weapons Level 1  
  18  3:14  SCV  
  18  3:28  Marine  
  18  3:29  Marine  
  20  3:45  SCV  
  20  3:46  Marine x2  
  23  4:06  Ghost Academy  
  23  4:14  Supply Depot, SCV  
  24  4:23  Marine x2  
  26  4:26  SCV  
  27  4:33  Barracks  
  27  4:37  Supply Depot  
  27  4:38  SCV  
  28  4:49  Command Center, Marine x2  
  30  5:02  Barracks  
  30  5:03  Factory Tech Lab  
  30  5:19  Marine x2  
  31  5:45  Cyclone  
  31  5:47  Marine  
  35  5:51  Barracks Reactor  
  35  6:02  Orbital Command  
  35  6:04  Marine  
  35  6:07  Orbital Command  
  36  6:17  Cyclone  
  34  6:36  Marine x3  
  34  6:37  Marine x2  
  39  6:43  SCV  
  40  6:53  SCV  
  41  6:54  Marine  
  41  6:55  SCV  
  41  6:59  Refinery  
  43  7:05  SCV  
  44  7:13  Armory, SCV  
  45  7:17  Siege Tank  
  45  7:18  Marine  
  49  7:25  SCV  
  50  7:30  Supply Depot  
  50  7:52  Supply Depot  
  50  7:58  Marine x2  
  50  8:00  Marine x2  
  50  8:01  Marine  
  50  8:03  Siege Tank  
  58  8:12  Starport  
  58  8:13  SCV  
  58  8:14  Supply Depot  
  58  8:16  Marine  
  60  8:20  SCV  
  60  8:25  SCV  
  62  8:32  SCV  
  49  8:46  Refinery  
  28  8:52  Marine x5  
  33  9:06  Viking  
  33  9:09  Hellion  
  25  9:10  Marine x5  
  20  9:27  Marine x2  
  21  9:42  Hellion  
  21  9:43  Marine  
  21  9:44  Marine  
  12  10:03  Hellion  
Tags
 
Add a new tag
Caveats
  • Supply blocks, unpowered buildings, or Contaminate may cause inaccurate times.
  • Supply counts are checked every 10 seconds.